 Dungeon Crawl Stone Soup version 0.32-a0-908-g8e5f33bbaa (webtiles) character file.

Game seed: 7905738355969539179

75371 Ajdolov the Bludgeoner (level 15, -8/125 (132) HPs)
             Began as an Armataur Monk on Apr 6, 2024.
             Was a High Priest of Okawaru.
             Killed from afar by an orc sorcerer (16 damage)
             ... with a bolt of negative energy
             ... on level 2 of the Orcish Mines.
             The game lasted 00:38:31 (24848 turns).

Ajdolov the Bludgeoner (Armataur Monk)             Turns: 24848, Time: 00:38:32

HP:   -8/125 (132)  AC: 21    Str: 21    XL:     15   Next: 9%
MP:   23/23         EV:  7    Int: 18    God:    Okawaru [*****.]
Gold: 2490          SH:  0    Dex: 12    Spells: 14/14 levels left

rFire   . . .        U - +6 eveningstar (freeze)
rCold   + . .        d - orb {light}
rNeg    . . .        I - +3 leather armour of Dohem {Str+3 Int+2}
rPois   .            R - +4 helmet of the Dice {rC+ Str-4 Int+3 Stlth+}
rElec   .            w - +0 cloak
rCorr   .            (no gloves)
SInv    .            S - +1 barding {Stlth+}
Will    ++...        N - amulet of the acrobat
Stlth   +            G - +4 ring of slaying
HPRegen 1.05/turn    v - ring of willpower
MPRegen 0.51/turn

%: acrobat, roll
@: glowing, drained
A: large, deformed body, tough skin 3, armoured tail, rollpage 2
a: Renounce Religion, Heroism, Finesse, Duel


You were on level 2 of the Orcish Mines.
You worshipped Okawaru.
Okawaru was extremely pleased with you.
You visited 3 branches of the dungeon, and saw 19 of its levels.
You also visited: Ice Cave.

You collected 2490 gold pieces.

Inventory:

Hand Weapons
 U - a +6 eveningstar of freezing (weapon)
Missiles
 c - a throwing net
 f - 16 boomerangs (quivered)
 O - 5 javelins
 T - 6 silver javelins
Armour
 d - an orb of light (worn)
 w - a +0 cloak (worn)
 I - the +3 leather armour of Dohem (worn) {Str+3 Int+2}
   (You found it on level 8 of the Dungeon)

   Str+3:     It affects your strength (+3).
   Int+2:     It affects your intelligence (+2).
 R - the +4 helmet of the Dice (worn) {rC+ Str-4 Int+3 Stlth+}
   (You found it on level 1 of the Orcish Mines)

   Str-4:     It affects your strength (-4).
   Int+3:     It affects your intelligence (+3).
   rC+:       It protects you from cold.
   Stlth+:    It makes you more stealthy.
 S - a +1 barding of stealth (worn)
Jewellery
 e - a ring of protection from fire
 v - a ring of willpower (right hand)
 G - a +4 ring of slaying (left hand)
 N - an amulet of the acrobat (around neck)
 P - a ring of resist corrosion
Wands
 m - a wand of digging (8)
 q - a wand of mindburst (10)
 y - a wand of flame (19)
 D - a wand of polymorph (9)
 F - a wand of acid (9)
Scrolls
 h - 3 scrolls of vulnerability
 k - 6 scrolls of torment
 l - 3 scrolls of teleportation
 o - 6 scrolls of revelation
 z - 2 scrolls of amnesia
 A - 2 scrolls of immolation
 B - 4 scrolls of fog
 C - 2 scrolls of noise
 H - a scroll of silence {unknown}
 J - a scroll of poison
Potions
 a - a potion of mutation {unknown}
 b - a potion of haste {unknown}
 g - 4 potions of enlightenment
 i - a potion of magic {unknown}
 n - 5 potions of lignification
 p - 2 potions of degeneration {unknown}
 r - 6 potions of curing
 s - 2 potions of resistance
 t - 4 potions of attraction
 u - 4 potions of might {unknown}
 E - a potion of invisibility {unknown}
 Q - a potion of heal wounds {unknown}


   Skills:
 - Level 12.0 Fighting
 - Level 16.0 Maces & Flails
 - Level 10.0 Throwing
 + Level 6.3 Armour
 - Level 2.1 Dodging
 + Level 11.3 Invocations
 - Level 5.0 Evocations


You had 14 spell levels left.
You didn't know any spells.
Your spell library contained the following spells:

 Spells                   Type           Power      Damage    Failure   Level
 Sandblast                Erth           0%         2d4       26%         1
 Sting                    Conj/Alch      0%         1d3       26%         1
 Blink                    Tloc           0%         N/A       36%         2
 Jinxbite                 Hex            0%         N/A       36%         2
 Lesser Beckoning         Tloc           0%         N/A       36%         2
 Mercury Vapours          Alch/Air       0%         N/A       36%         2
 Momentum Strike          Conj/Tloc      0%         3d8       36%         2
 Static Discharge         Conj/Air       0%         3-3/arc   36%         2
 Sublimation of Blood     Necr           0%         N/A       36%         2
 Frozen Ramparts          Ice            0%         1d1       58%         3
 Fugue of the Fallen      Necr           0%         N/A       58%         3
 Maxwell's Portable Pile  Tloc           0%         2d(5-13)  58%         3
 Ozocubu's Armour         Ice            0%         N/A       58%         3
 Stone Arrow              Conj/Erth      0%         3d7       58%         3
 Teleport Other           Tloc           0%         N/A       58%         3
 Volatile Blastmotes      Fire/Tloc      0%         2d10      58%         3
 Airstrike                Air            0%         2d(0-16)  94%         4
 Brom's Barrelling Bould  Conj/Erth      0%         2d3       94%         4
 Dimensional Bullseye     Hex/Tloc       0%         N/A       94%         4
 Fulminant Prism          Conj/Alch      0%         3d5       94%         4
 Iskenderun's Mystic Bla Conj/Tloc 0%             2d3        (+2d1     94%         4
 Olgreb's Toxic Radiance  Alch           0%         N/A       94%         4
 Fireball                 Conj/Fire      0%         3d3       100%        5
 Iskenderun's Battlesphe  Conj           0%         2d6       100%        5
 Metabolic Englaciation   Hex/Ice        0%         N/A       100%        5
 Yara's Violent Unravell  Hex/Alch       0%         3d3       100%        5
 Conjure Ball Lightning   Conj/Air       0%         3x3d6     100%        6
 Dispersal                Tloc           0%         N/A       100%        6
 Gell's Gavotte           Tloc           0%         2d(11-16) 100%        6
 Enfeeble                 Hex            0%         N/A       100%        7
 Manifold Assault         Tloc           0%         N/A       100%        7
 Orb of Destruction       Conj           0%         9d5       100%        7
 Call Imp                 Summ           Unusable   N/A       N/A         2
 Tukima's Dance           Hex            Unusable   N/A       N/A         3
 Summon Lightning Spire   Summ/Air       Unusable   N/A       N/A         4
 Summon Hydra             Summ           Unusable   N/A       N/A         7

Dungeon Overview and Level Annotations

Branches:
Dungeon (13/15)            Temple (0/1) D:7            Lair (4/5) D:10
 Shoals (0/4) Lair:3       Spider (0/4) Lair:3        Slime (0/5) Lair:4
    Orc (2/2) D:10            Elf (0/3) Orc:2         IceCv (visited)
 Vaults: D:13-14

Altars:
Ashenzari
Cheibriados
Elyvilon
Fedhas
Makhleb
Okawaru
Qazlal
Uskayaw
Wu Jian
Zin
Beogh

Shops:
D:1 :   D:2 =

Annotations:
D:7 3 runed translucent doors, exclusion: oklob plant, Snowmansir's ghost, novice DgFE
Lair:3 1 exclusion


Innate Abilities, Weirdness & Mutations

Armour fits poorly on your strangely shaped body.
You have extremely tough skin. (AC +3)
You have a long armoured tail.
You regenerate magic and health when rolling toward enemies. (Rampage Regen)


Message History

The orc sorcerer completely misses you.
The orc priest moves out of view.
You bludgeon the orc knight!! You freeze the orc knight!
The orc knight is heavily wounded.
The orc knight roars a battlecry!
The orcs go into a battle-frenzy!
The orc warrior hits you with a +0 short sword!
The orc sorcerer hits you but does no damage.
You hear a shout!
You hit the orc knight. You freeze the orc knight.
The orc knight is heavily wounded.
You hear a shout! x2
The orc closely misses you.
You hit the orc knight but do no damage.
The orc knight is heavily wounded.
The orc warrior hits you from afar with a +0 halberd.
The orc knight hits you but does no damage.
The orc warrior hits you with a +0 short sword!
The orc sorcerer hits you but does no damage.
Unknown command.
You completely miss the orc knight. You tail-slap the orc knight.
The orc knight is heavily wounded.
The orc hits you but does no damage.
The orc warrior hits you from afar with a +0 halberd!
The orc warrior hits you with a +0 short sword!
* * * LOW HITPOINT WARNING * * *
The orc knight hits you with a +0 glaive!
* * * LOW HITPOINT WARNING * * *
The orc sorcerer hits you but does no damage.
Okay, then.
You feel better. The orc hits you with a +0 morningstar.
* * * LOW HITPOINT WARNING * * *
The orc warrior hits you but does no damage.
The orc warrior hits you with a +0 short sword!
* * * LOW HITPOINT WARNING * * *
The orc knight hits you with a +0 glaive.
* * * LOW HITPOINT WARNING * * *
An orc high priest comes into view. It is wielding a +0 war axe.
The orc sorcerer points at you and mumbles some strange words.
The bolt of negative energy hits you!
You feel drained.
You die...

........# ########...
#......## #.#........
#.....## ##.#........
#......# ###...........
......### ###.#...........
........###...............
#.#......#......ooo....o..
..)............ooooo......
...............#@#..o.....
...............#o#.....o.o
..........###..#o######...
..........# #....# ..
.......)..# ##.#.# o
......)))## ##.#.#
.......)))###...##
..##.##))#.#...##
.##...).).).)..#


You could see an orc knight, an orc high priest, an orc sorcerer (strong), 3 orc
warriors, an orc priest (strong), an orc wizard (strong) and 3 orcs.

Vanquished Creatures
  Kirke (Lair:3)
  A frost giant (IceCv)
  A fire giant (Orc:1)
  2 orc warlords
  An ettin (Orc:1)
  2 hydras
  2 centaur warriors (D:13)
  6 death yaks (IceCv)
  8 two-headed ogres
  4 orc high priests
  A skeletal warrior (D:13)
  A deep elf pyromancer (D:12)
  2 orc knights
  An obsidian bat (Orc:1)
  2 manticores
  Maurice (D:9)
  4 orc sorcerers (Orc:2)
  An ugly thing (D:13)
  14 cyclopes
  6 black mambas
  An ice statue (IceCv)
  2 merfolk sirens (Lair:3)
  2 torpor snails
  A gargoyle (D:10)
  8 cane toads
  An unseen horror (D:12)
  17 rime drakes
  6 komodo dragons
  9 trolls
  6 polar bears
  10 blink frogs
  2 culicivoras (Lair:3)
  10 wyverns
  76 yaks
  A fire elemental (Orc:1)
  5 hogs
  7 basilisks
  A steam dragon (Lair:1)
  4 vampire mosquitoes
  6 wargs
  12 water moccasins
  An acid dragon (D:11)
  28 orc warriors
  2 ice beasts
  3 black bears
  2 sky beasts
  37 wolves
  10 ogres
  A centaur (D:9)
  A phantom (D:5)
  2 kobold brigands
  19 bullfrogs
  4 gnoll sergeants
  3 scorpions
  4 wights (D:9)
  10 killer bees
  3 electric eels
  A howler monkey (D:9)
  6 jellies
  3 hounds
  13 orc priests
  3 gnoll boudas
  2 iguanas
  Terence (D:3)
  40 orc wizards
  Ijyb (D:3)
  10 hell rats
  Robin (D:4)
  32 gnolls
  5 adders
  14 white imps
  2 dart slugs
  2 ribbon worms
  83 orcs
  4 ball pythons
  6 bats
  19 endoplasms
  3 giant cockroaches
  9 goblins
  7 hobgoblins
  3 quokkas
  5 frilled lizards
  12 kobolds
  3 rats
668 creatures vanquished.

Vanquished Creatures (others)
  An orc wizard (Orc:2)
1 creature vanquished.

Grand Total: 669 creatures vanquished

Notes
Turn   | Place    | Note
-------+----------+-------------------------------------------
     0 | D:1      | Ajdolov the Armataur Monk began the quest for the Orb.
     0 | D:1      | Reached XP level 1. HP: 18/18 MP: 1/1
   107 | D:1      | Reached skill level 3 in Maces & Flails
   108 | D:1      | Reached XP level 2. HP: 20/26 MP: 2/2
   212 | D:1      | Found a faded altar of an unknown god.
   786 | D:1      | Found Vutucsuu's Book Boutique.
   802 | D:1      | Reached XP level 3. HP: 31/31 MP: 3/3
  1549 | D:2      | Found Buakyqis's Jewellery Shop.
  1862 | D:3      | Reached XP level 4. HP: 40/40 MP: 4/4
  2252 | D:3      | Found a glowing silver altar of Zin.
  2402 | D:3      | Noticed Terence
  2428 | D:3      | Killed Terence
  2429 | D:3      | Reached skill level 4 in Maces & Flails
  2660 | D:4      | Reached XP level 5. HP: 45/46 MP: 5/5
  2768 | D:4      | Identified the ring of Uleogi Ergheu {Ice Str+6 Dex-2}
  2788 | D:4      | Noticed an ogre
  2788 | D:4      | Noticed Ijyb
  2863 | D:4      | Noticed Robin
  2896 | D:3      | Killed Ijyb
  2988 | D:4      | Killed Robin
  3060 | D:4      | Found a burning altar of Makhleb.
  3064 | D:4      | Reached XP level 6. HP: 53/53 MP: 6/6
  3151 | D:4      | Reached skill level 5 in Fighting
  3151 | D:4      | Reached skill level 5 in Maces & Flails
  3548 | D:5      | Entered Level 5 of the Dungeon
  3631 | D:5      | Gained mutation: You regenerate magic and health when
                  | rolling toward enemies. (Rampage Regen) [Armataur growth]
  3631 | D:5      | Reached XP level 7. HP: 57/61 MP: 7/7
  3822 | D:5      | Reached skill level 6 in Maces & Flails
  4463 | D:6      | Found a snail-covered altar of Cheibriados.
  4607 | D:6      | Reached XP level 8. HP: 34/71 MP: 8/8
  5007 | D:6      | Found a white marble altar of Elyvilon.
  5024 | D:6      | Reached skill level 7 in Maces & Flails
  5535 | D:6      | Found an iron altar of Okawaru.
  5683 | D:6      | Became a worshipper of Warmaster Okawaru
  5683 | D:6      | Reached * piety under Okawaru
  5683 | D:6      | Reached ** piety under Okawaru
  5838 | D:7      | Reached skill level 1 in Invocations
  5971 | D:7      | Found a staircase to the Ecumenical Temple.
  6093 | D:7      | Reached XP level 9. HP: 79/81 MP: 10/10
  6110 | D:7      | Reached skill level 8 in Maces & Flails
  6331 | D:7      | Found a runed translucent gate.
  6331 | D:7      | Found a runed translucent gate.
  6331 | D:7      | Found a runed translucent gate.
  6331 | D:7      | Noticed Snowmansir's ghost (novice DgFE)
  6368 | D:7      | Noticed an oklob plant
  6808 | D:8      | Found a blossoming altar of Fedhas.
  6815 | D:8      | Reached *** piety under Okawaru
  7006 | D:8      | Identified the +3 leather armour of Dohem {Str+3 Int+2}
  7680 | D:9      | Reached skill level 9 in Maces & Flails
  7698 | D:9      | Reached skill level 5 in Invocations
  7947 | D:9      | Reached XP level 10. HP: 68/87 MP: 13/13
  7952 | D:9      | Reached **** piety under Okawaru
  8239 | D:9      | Reached skill level 10 in Fighting
  8239 | D:9      | Reached skill level 10 in Maces & Flails
  8442 | D:9      | Reached ***** piety under Okawaru
  8869 | D:9      | Noticed Maurice
  8895 | D:9      | Maurice stole a +5 ring of evasion
  8905 | D:9      | Killed Maurice
  9012 | D:9      | Found a stormy altar of Qazlal.
  9015 | D:9      | Found a hide-covered altar of Uskayaw.
  9017 | D:9      | Found an ornate altar of the Wu Jian Council.
  9022 | D:9      | Found a broken altar of Ashenzari.
  9056 | D:10     | Entered Level 10 of the Dungeon
  9114 | D:10     | Reached XP level 11. HP: 82/99 MP: 16/16
  9322 | D:10     | Reached skill level 1 in Evocations
  9736 | D:10     | Noticed a two-headed ogre
  9757 | D:10     | Killed a two-headed ogre
  9762 | D:10     | Received a gift from Okawaru
  9803 | D:10     | Found a staircase to the Lair.
 10262 | D:10     | Found a staircase to the Orcish Mines.
 10311 | D:10     | Reached skill level 11 in Maces & Flails
 10953 | D:11     | Noticed a two-headed ogre
 11150 | D:11     | Noticed a two-headed ogre
 11161 | D:11     | Killed a two-headed ogre
 11161 | D:11     | Received a gift from Okawaru
 11603 | D:11     | Killed a two-headed ogre
 11604 | D:11     | Reached skill level 10 in Invocations
 11987 | Lair:1   | Entered Level 1 of the Lair of Beasts
 12336 | D:10     | Received a gift from Okawaru
 12539 | Lair:1   | Reached skill level 5 in Evocations
 12690 | Lair:1   | Reached XP level 12. HP: 65/106 MP: 19/19
 12707 | Lair:1   | Reached skill level 12 in Maces & Flails
 13561 | Lair:1   | Identified the +3 mace of the Scavenger {spect, rPois}
 13877 | Lair:2   | You fall into a shaft and drop 2 floors!
 13901 | Lair:3   | Reached ****** piety under Okawaru
 13902 | Lair:3   | Reached skill level 13 in Maces & Flails
 13902 | Lair:3   | Acquired a +1 barding of stealth
 13902 | Lair:3   | Received a gift from Okawaru
 14407 | Lair:2   | Received a gift from Okawaru
 14411 | Lair:2   | Acquired a +2 eveningstar of freezing
 14411 | Lair:2   | Received a gift from Okawaru
 14493 | Lair:2   | Reached skill level 1 in Throwing
 14692 | Lair:2   | Noticed a four-headed hydra
 14697 | Lair:2   | Killed a four-headed hydra
 15030 | Lair:2   | Reached skill level 14 in Maces & Flails
 15622 | Lair:3   | Found a staircase to the Shoals.
 15635 | Lair:3   | Received a gift from Okawaru
 15986 | Lair:3   | Reached XP level 13. HP: 111/114 MP: 20/20
 16350 | Lair:3   | Found a hole to the Spider Nest.
 16393 | Lair:3   | Noticed Kirke
 16534 | Lair:3   | Killed Kirke
 16840 | Lair:3   | Reached skill level 5 in Throwing
 17002 | Lair:3   | Received a gift from Okawaru
 17666 | Lair:4   | Found a staircase to the Slime Pits.
 17967 | Lair:4   | Received a gift from Okawaru
 18248 | Lair:4   | Reached skill level 15 in Maces & Flails
 19884 | D:13     | Received a gift from Okawaru
 20550 | Orc:1    | Entered Level 1 of the Orcish Mines
 20556 | Orc:1    | Reached XP level 14. HP: 119/125 MP: 21/21
 20587 | Orc:1    | Noticed an orc warlord
 20616 | Arena    | Entered the Arena
 20627 | Arena    | Killed an orc warlord
 20953 | Orc:1    | Received a gift from Okawaru
 21070 | Orc:1    | Found a roughly hewn altar of Beogh.
 21781 | Orc:1    | Reached skill level 16 in Maces & Flails
 21781 | Orc:1    | Noticed a fire giant
 21798 | Orc:1    | Killed a fire giant
 21798 | Orc:1    | Received a gift from Okawaru
 21815 | Orc:1    | Identified the +9 quarterstaff "Xukluo" {freeze, Int+9}
 21817 | Orc:1    | Identified the +10 mace of Might {antimagic, rN+}
 21850 | Orc:1    | Identified the +4 helmet of the Dice {rC+ Str-4 Int+3
                  | Stlth+}
 22101 | Orc:2    | Entered Level 2 of the Orcish Mines
 22134 | Orc:2    | Found a frozen archway.
 22191 | IceCv    | Entered an ice cave
 22753 | IceCv    | Reached skill level 10 in Throwing
 22808 | IceCv    | Reached skill level 1 in Armour
 23226 | IceCv    | Noticed a frost giant
 23255 | IceCv    | Killed a frost giant
 23255 | IceCv    | Received a gift from Okawaru
 23840 | Orc:2    | Found a roughly hewn altar of Beogh.
 23869 | Orc:2    | Found a staircase to the Elven Halls.
 24433 | Orc:2    | Reached skill level 5 in Armour
 24699 | Orc:2    | Noticed an orc warlord
 24734 | Orc:2    | Killed an orc warlord
 24745 | Orc:2    | Reached XP level 15. HP: 75/132 MP: 23/23
 24848 | Orc:2    | Killed from afar by an orc sorcerer

Illustrated notes

Levels and vault maps discovered:
D:1:      dpeg_arrival_court, layout_loops_corners, serial_shops,
          nicolae_shop_tiny_real_fake_doors,
          shapermc_ecumenical_altar_mp_highgroup, feat_on_display
D:2:      layout_loops_ring, serial_shops, nicolae_shop_rolling_square
D:3:      layout_loops_ring, zin_treasury, nrook_campfire,
          chequers_serial_rivers_small_b, uniq_terence
D:4:      layout_rooms, makhleb_blood_cavern_becter, nicolae_goblin_pals
D:5:      layout_basic, nicolae_hexahallways
D:6:      layout_basic, lemuel_doored_altar, mainiacjoe_overflow_alcove_4,
          elyvilon_altar_1
D:7:      lemuel_slime, layout_rooms, minmay_temple_entry_large_hall,
          gammafunk_ghost_necromancy
D:8:      layout_cave_pools, mainiacjoe_overflow_brackets
D:9:      layout_basic, nicolae_overflow_macrodata_refinement, uniq_maurice
D:10:     layout_loops_ring, due_lair_maze_entry_diamond, hiddenorc1_lemuel
D:11:     layout_roguey
D:12:     layout_cave_pods
D:13:     layout_irregular_city
Lair:1:   layout_loops_ring, st_stairs_13, infiniplex_staircase_pool,
          serial_bayou_shore_a, serial_bayou_shore_b
Lair:2:   layout_layer_cave, st_stairs_5, grunt_megastairs_5,
          serial_bayou_shore_b
Lair:3:   layout_long_grid, elwin_shoals_entry_rooms, spider_nest_entry_rubble,
          pdpol_lair_cavern_descent, uniq_kirke
Lair:4:   layout_cellular_growth, slime_entry_1, special_room
          [special_room_mythical_zoo], grunt_megastairs_4
Orc:1:    giant_chief_lemuel, layout_caves, basic_altar, guppyfry_library_mini
Orc:2:    st_orc_congregation, layout_caves, basic_altar,
          portal_ice_cave_entry_imps, regret_index_minedec_guest_junction,
          mines4_lemuel

Skill      XL: |  1  2  3  4  5  6  7  8  9 10 11 12 13 14 15 |
---------------+----------------------------------------------+-----
Fighting       | 3 4 5 6 7 9 10 11 12 | 12.0
Maces & Flails | 3 4 5 6 7 9 10 11 14 15 16 | 16.0
Invocations    | 2 5 7 10 11 | 11.3
Evocations     | 5 |  5.0
Throwing       | 3 7 10 | 10.0
Armour         | 5 6 |  6.3
Dodging        | |  2.1

Action                     |  1- 3 |  4- 6 |  7- 9 | 10-12 | 13-15 || total
---------------------------+-------+-------+-------+-------+-------++-------
  Melee: Mace              |    97 |    50 |       |    96 |       ||   243
         Tailslap          |    11 |    18 |    67 |   155 |   152 ||   403
         Flail             |       |    83 |   340 |   485 |       ||   908
         Eveningstar       |       |       |       |    83 |   829 ||   912
  Throw: Boomerang         |       |     1 |     1 |       |     9 ||    11
 Invoke: Receive Weapon    |       |       |       |     1 |       ||     1
         Receive Armour    |       |       |       |     1 |       ||     1
         Finesse           |       |       |       |       |     3 ||     3
         Heroism           |       |       |       |       |     2 ||     2
         Duel              |       |       |       |       |     1 ||     1
  Evoke: Wand              |       |     1 |       |    17 |     4 ||    22
    Use: Potion            |       |     1 |       |       |     3 ||     4
         Scroll            |       |       |       |    18 |     7 ||    25
   Stab: Sleeping          |       |       |       |       |     1 ||     1
 Armour: Robe              |    38 |       |       |       |       ||    38
         Ring mail         |    13 |    97 |   168 |       |       ||   278
         Leather armour    |       |       |    45 |   436 |   577 ||  1058
  Dodge: Dodged            |    42 |    96 |   222 |   496 |   443 ||  1299

Table legend: (Time is in decaauts)
 A = Elapsed time spent in this place.
 B = Non-inter-level travel time spent in this place.
 C = Inter-level travel time spent in this place.
 D = Time resting spent in this place.
 E = Time spent auto-exploring this place.
 F = Levels seen in this place.
 G = Mean time per level.
                   A        B        C        D        E       F      G
               +--------+--------+--------+--------+--------+-----+--------+
         Total |  24573 |  23585 |    988 |   3691 |  15278 |  21 | 1170.1 |
       Dungeon |  14792 |  14073 |    719 |   2153 |   9291 |  13 | 1137.8 |
          Lair |   5883 |   5623 |    260 |    936 |   3623 |   4 | 1470.8 |
  Orcish Mines |   2323 |   2315 |      8 |      4 |   1694 |   2 | 1161.5 |
      Ice Cave |   1550 |   1550 |      0 |    582 |    670 |   1 | 1550.0 |
         Arena |     22 |     22 |      0 |     15 |      0 |   1 |   22.0 |
               +--------+--------+--------+--------+--------+-----+--------+

Top non-repeatable levels by time:
    D:10: 2547 daAuts
  Lair:3: 2137 daAuts
   IceCv: 1550 daAuts
     D:9: 1401 daAuts
     D:6: 1370 daAuts
    D:11: 1284 daAuts
  Lair:2: 1265 daAuts
  Lair:1: 1242 daAuts
   Orc:1: 1240 daAuts
  Lair:4: 1239 daAuts
   Orc:2: 1083 daAuts
     D:3: 1078 daAuts
    D:12: 1074 daAuts
     D:7: 1070 daAuts
     D:1: 1020 daAuts
